 Dungeon Crawl Stone Soup version 0.29.0-4-gdea44cf6ec (webtiles) character file.

Game seed: 1898036970901460799

891 qw the Chopper (level 8, -1/48 HPs)
             Began as a Gargoyle Delver on Sept 10, 2022.
             Slain by a wraith (6 damage)
             ... on level 6 of the Dungeon.
             The game lasted 00:01:53 (5655 turns).

qw the Chopper (Gargoyle Delver)                    Turns: 5655, Time: 00:01:54

Health: -1/48      AC: 13    Str: 17    XL:     8   Next: 6%
Magic:  8/8        EV:  9    Int: 12    God:
Gold:   299        SH:  4    Dex: 11    Spells: 7/7 levels left

rFire   . . .      SeeInvis .   Y - +0 war axe
rCold   . . .      Faith    .   d - +0 buckler
rNeg    + . .      Spirit   .   q - +0 scale mail
rPois   inf        Reflect  .   l - +0 helmet
rElec   +          Harm     .   (no cloak)
rCorr   +          Rampage  .   (no gloves)
Will    +....                   (no boots)
Stlth   +.........              (no amulet)
HPRegen 0.16/turn               o - ring of resist corrosion
MPRegen 0.11/turn               r - ring of willpower

@: slowed, very slow
A: sickness immunity, AC +5, negative energy resistance 1, electricity
resistance, torment resistance 1, petrification resistance
a: no special abilities


You were on level 6 of the Dungeon.
You visited 1 branch of the dungeon, and saw 6 of its levels.

You collected 334 gold pieces.
You spent 35 gold pieces at shops.


Innate Abilities, Weirdness & Mutations

You are immune to sickness and miasma.
Your stone body is resilient. (AC +5)
You are immune to poison.
You resist negative energy. (rN+)
You are resistant to electric shocks. (rElec)
You are resistant to unholy torment.
You are immune to petrification.


   Skills:
 - Level 4.7 Fighting
 + Level 6.0 Axes
 - Level 2.5 Throwing
 - Level 2.8 Armour
 - Level 1.5 Dodging
 - Level 5.4 Stealth
 - Level 3.0 Shields


You had 7 spell levels left.
You didn't know any spells.
Your spell library was empty.

Inventory:

Hand Weapons
 n - a +0 flail
 Y - a +0 war axe (weapon)
Missiles
 m - a silver javelin (quivered)
 p - 4 boomerangs
Armour
 d - a +0 buckler (worn)
 l - a +0 helmet (worn)
 q - a +0 scale mail (worn)
Jewellery
 o - a ring of resist corrosion (left hand)
 r - a ring of willpower (right hand)
Wands
 g - a wand of digging (3)
Scrolls
 a - a scroll of identify
Potions
 b - 3 potions of might
 f - a potion of haste
 h - a potion of resistance
 j - 3 potions of curing

Dungeon Overview and Level Annotations

Branches:
Dungeon (6/15)
 Temple: D:4-7

Altars:
Dithmenos
Hepliaklqana
Makhleb
Ru
Trog
Uskayaw
Vehumet
Yredelemnul
Zin

Shops:
D:1 :   D:3 (

Portals:
Ossuary: D:6

Annotations:
D:6 Pikel


Message History

You kill the orc!
You barely miss the wraith. The wraith completely misses you.
The orc hits you but does no damage. The wraith hits you but does no damage.
The orc hits you but does no damage.
You hit the orc but do no damage.
The orc is severely wounded.
You closely miss the wraith. The wraith barely misses you.
You block the orc's attack. The wraith hits you. The wraith drains your vigour!
You feel as though you will be slow longer.
The orc completely misses you.
You hit the orc.
You kill the orc!
You barely miss the wraith. You block the wraith's attack. The wraith hits you.
You hit the wraith but do no damage. The wraith hits you but does no damage.
The wraith barely misses you.
You closely miss the wraith. The wraith hits you but does no damage.
You block the wraith's attack.
You closely miss the wraith. The wraith hits you.
The wraith drains your vigour!
You feel as though you will be slow longer.
The wraith hits you but does no damage.
You hit the wraith but do no damage. The wraith hits you but does no damage.
The wraith hits you.
You hit the wraith but do no damage. The wraith hits you but does no damage.
The wraith hits you.
You hit the wraith but do no damage. The wraith hits you.
You barely miss the wraith. The wraith closely misses you. The wraith hits you.
You hit the wraith but do no damage. The wraith hits you but does no damage.
The wraith hits you. The wraith drains your vigour!
You feel as though you will be slow longer.
You hit the wraith but do no damage. The wraith hits you.
You block the wraith's attack.
You closely miss the wraith. The wraith hits you.
You die...

# #...# #
#####......#
# .....#
#### .....#
~#~# ....#
~#~# #...#
~~~#
#####...#
~~~#
##....)))#
~~##
.......@.#
~##
###..\.W.#
~#
.........#
~#
###......#
~# ##.(##.##
## ###> .!#
# ..>. ..# #
.[. #.# ...
#.#


You could see a wraith.

Vanquished Creatures
  2 ice beasts (D:5)
  A sky beast (D:6)
  A phantom (D:5)
  A necrophage (D:4)
  3 scorpions
  A hound (D:5)
  An orc priest (D:6)
  Ijyb (D:3)
  3 orc wizards
  2 adders
  2 shadow imps
  An ufetubus (D:5)
  A worm (D:2)
  2 dart slugs
  18 orcs
  8 bats
  7 endoplasms
  4 giant cockroaches
  4 goblins
  3 hobgoblins (D:1)
  3 jackals (D:3)
  12 kobolds
  2 quokkas
  4 ball pythons
  3 frilled lizards
  6 rats
96 creatures vanquished.

Vanquished Creatures (others)
  2 plants (D:5)
2 creatures vanquished.

Grand Total: 98 creatures vanquished

Notes
Turn   | Place    | Note
-------+----------+-------------------------------------------
     0 | D:5      | qw the Gargoyle Delver began the quest for the Orb.
     0 | D:5      | Reached XP level 1. HP: 14/14 MP: 1/1
     0 | D:5      | 0 ||| qw: Version: 0.1-a-116-g5d60599
     0 | D:5      | 0 ||| qw: Game counter: 9241
     0 | D:5      | 0 ||| qw: Always use a shield: true
     0 | D:5      | 0 ||| qw: God list: Okawaru
     0 | D:5      | 0 ||| qw: Allow faded altars: false
     0 | D:5      | 0 ||| qw: Do Orc after D:15 true
     0 | D:5      | 0 ||| qw: Do second Lair branch before Depths: true
     0 | D:5      | 0 ||| qw: Lair rune preference: random
     0 | D:5      | 0 ||| qw: Plans: Normal
     0 | D:5      | 0 ||| PLANNING D:1-11
     0 | D:5      | 0 ||| DROPPING scroll of fog.
     1 | D:5      | 1 ||| DROPPING scroll of magic mapping.
     2 | D:5      | 2 ||| DROPPING scroll of fear.
    80 | D:3      | Reached skill level 2 in Axes
   338 | D:3      | Found Zasiaf's Weapon Boutique.
   348 | D:3      | 348 ||| BUYING +0 war axe (35 gold).
   348 | D:3      | Bought a +0 war axe for 35 gold pieces
   348 | D:3      | 348 ||| SWAPPING to +0 war axe.
   349 | D:3      | 349 ||| DROPPING +0 hand axe.
   494 | D:2      | Reached XP level 2. HP: 16/19 MP: 2/2
   671 | D:2      | 671 ||| READING scroll labelled MUGUPY ZOWIPH.
   800 | D:1      | Reached skill level 3 in Axes
   801 | D:1      | Reached XP level 3. HP: 19/23 MP: 3/3
   892 | D:1      | 892 ||| Stepping ~*~*~tactically~*~*~ (stealth).
   897 | D:1      | 897 ||| Stepping ~*~*~tactically~*~*~ (stealth).
   899 | D:1      | 899 ||| Stepping ~*~*~tactically~*~*~ (stealth).
   900 | D:1      | 900 ||| Stepping ~*~*~tactically~*~*~ (stealth).
   901 | D:1      | 901 ||| Stepping ~*~*~tactically~*~*~ (stealth).
   959 | D:1      | Found Dorchag's Book Boutique.
  1016 | D:1      | Found a faded altar of an unknown god.
  1221 | D:1      | 1221 ||| Stepping ~*~*~tactically~*~*~ (stealth).
  1222 | D:1      | 1222 ||| Stepping ~*~*~tactically~*~*~ (stealth).
  1224 | D:1      | 1224 ||| Stepping ~*~*~tactically~*~*~ (stealth).
  1227 | D:1      | 1227 ||| Stepping ~*~*~tactically~*~*~ (stealth).
  1229 | D:1      | 1229 ||| Stepping ~*~*~tactically~*~*~ (stealth).
  1294 | D:1      | 1294 ||| UPGRADING to +0 ring mail.
  1304 | D:1      | 1304 ||| DROPPING +0 leather armour.
  1305 | D:1      | 1305 ||| READING 3 scrolls labelled MULILI NIWKIK.
  1306 | D:1      | 1306 ||| READING scroll labelled VEANNUPLYLU.
  1307 | D:1      | 1307 ||| DRINKING 2 smoky coppery potions.
  1308 | D:1      | 1308 ||| DRINKING 2 orange potions.
  1309 | D:1      | 1309 ||| READING 2 scrolls of identify.
  1309 | D:1      | 1309 ||| IDENTIFYING sapphire potion
  1310 | D:1      | 1310 ||| DROPPING potion of magic.
  1609 | D:2      | 1609 ||| Stepping ~*~*~tactically~*~*~ (stealth).
  1611 | D:2      | 1611 ||| Stepping ~*~*~tactically~*~*~ (stealth).
  1613 | D:2      | 1613 ||| Stepping ~*~*~tactically~*~*~ (stealth).
  1632 | D:2      | Found a hide-covered altar of Uskayaw.
  1638 | D:2      | 1638 ||| Stepping ~*~*~tactically~*~*~ (stealth).
  1797 | D:2      | 1797 ||| Stepping ~*~*~tactically~*~*~ (stealth).
  1803 | D:2      | Reached skill level 1 in Throwing
  1849 | D:2      | 1849 ||| Stepping ~*~*~tactically~*~*~ (stealth).
  1851 | D:2      | 1851 ||| Stepping ~*~*~tactically~*~*~ (stealth).
  1953 | D:2      | 1953 ||| UPGRADING to ring of resist corrosion.
  1954 | D:2      | 1954 ||| READING scroll labelled WENUANECUF.
  1955 | D:2      | 1955 ||| READING scroll labelled OVOWEEMAOFUI.
  1960 | D:2      | 1960 ||| READING scroll labelled QOUSEY HE ZON.
  2080 | D:3      | Reached XP level 4. HP: 28/28 MP: 4/4
  2250 | D:3      | 2250 ||| Stepping ~*~*~tactically~*~*~ (hiding).
  2251 | D:3      | 2251 ||| Stepping ~*~*~tactically~*~*~ (hiding).
  2254 | D:3      | 2254 ||| Stepping ~*~*~tactically~*~*~ (hiding).
  2263 | D:3      | Reached skill level 4 in Axes
  2461 | D:3      | Noticed Ijyb
  2462 | D:3      | 2462 ||| Stepping ~*~*~tactically~*~*~ (hiding).
  2469 | D:3      | Paralysed by Ijyb for 3 turns
  2480 | D:3      | Paralysed by Ijyb for 2 turns
  2487 | D:3      | Killed Ijyb
  2488 | D:3      | Reached skill level 1 in Armour
  2488 | D:3      | Reached XP level 5. HP: 15/32 MP: 5/5
  2744 | D:3      | 2744 ||| Stepping ~*~*~tactically~*~*~ (stealth).
  2925 | D:3      | 2925 ||| READING 2 scrolls of identify.
  2925 | D:3      | 2925 ||| IDENTIFYING inky potion
  2976 | D:4      | 2976 ||| DROPPING +0 whip.
  3193 | D:4      | 3193 ||| DROPPING +2 whip of pain.
  3195 | D:4      | 3195 ||| Stepping ~*~*~tactically~*~*~ (hiding).
  3297 | D:4      | 3297 ||| Stepping ~*~*~tactically~*~*~ (hiding).
  3299 | D:4      | 3299 ||| FLEEEEING.
  3300 | D:4      | 3300 ||| Stepping ~*~*~tactically~*~*~ (hiding).
  3308 | D:4      | Reached skill level 5 in Axes
  3312 | D:4      | Reached XP level 6. HP: 24/37 MP: 6/6
  3365 | D:4      | 3365 ||| FLEEEEING.
  3366 | D:4      | 3366 ||| FLEEEEING.
  3367 | D:4      | 3367 ||| FLEEEEING.
  3368 | D:4      | 3368 ||| FLEEEEING.
  3369 | D:4      | 3369 ||| FLEEEEING.
  3511 | D:4      | 3511 ||| Stepping ~*~*~tactically~*~*~ (stealth).
  3514 | D:4      | 3514 ||| Stepping ~*~*~tactically~*~*~ (stealth).
  3778 | D:4      | 3778 ||| Stepping ~*~*~tactically~*~*~ (hiding).
  4164 | D:4      | Found a sacrificial altar of Ru.
  4205 | D:4      | Found a shadowy altar of Dithmenos.
  4210 | D:4      | 4210 ||| UPGRADING to +0 helmet.
  4215 | D:4      | 4215 ||| UPGRADING to +0 scale mail.
  4225 | D:4      | 4225 ||| DROPPING +0 ring mail.
  4226 | D:4      | 4226 ||| UPGRADING to ring of willpower.
  4227 | D:4      | 4227 ||| READING scroll labelled TUIXZA YSS.
  4228 | D:4      | 4228 ||| READING scroll labelled ROOH ECVIBA.
  4229 | D:4      | 4229 ||| READING 2 scrolls of identify.
  4229 | D:4      | 4229 ||| IDENTIFYING fizzy yellow potion
  4230 | D:4      | 4230 ||| DROPPING potion of lignification.
  4291 | D:5      | Noticed an ice beast
  4303 | D:5      | Killed an ice beast
  4402 | D:5      | Noticed an ice beast
  4403 | D:5      | 4403 ||| FLEEEEING.
  4404 | D:5      | 4404 ||| FLEEEEING.
  4405 | D:5      | 4405 ||| FLEEEEING.
  4407 | D:5      | 4407 ||| STAIRDANCE
  4454 | D:4      | 4454 ||| READING 2 scrolls of identify.
  4454 | D:4      | 4454 ||| IDENTIFYING yellow potion
  4458 | D:5      | 4458 ||| Stepping ~*~*~tactically~*~*~ (stealth).
  4460 | D:5      | 4460 ||| Stepping ~*~*~tactically~*~*~ (stealth).
  4477 | D:5      | Killed an ice beast
  4478 | D:5      | Reached XP level 7. HP: 31/44 MP: 7/7
  4591 | D:5      | 4591 ||| Stepping ~*~*~tactically~*~*~ (stealth).
  4602 | D:5      | 4602 ||| Stepping ~*~*~tactically~*~*~ (stealth).
  4724 | D:5      | Reached skill level 6 in Axes
  4890 | D:5      | Found a radiant altar of Vehumet.
  4890 | D:5      | Found a bloodstained altar of Trog.
  4891 | D:5      | Found a hazy altar of Hepliaklqana.
  5049 | D:5      | Found a glowing silver altar of Zin.
  5049 | D:5      | Found a basalt altar of Yredelemnul.
  5050 | D:5      | Found a burning altar of Makhleb.
  5135 | D:5      | 5135 ||| UPGRADING to +0 buckler.
  5140 | D:5      | 5140 ||| READING 2 scrolls of identify.
  5140 | D:5      | 5140 ||| IDENTIFYING green potion
  5141 | D:5      | 5141 ||| DROPPING potion of flight.
  5163 | D:6      | 5163 ||| PLANNING OSSUARY
  5167 | D:6      | Reached skill level 1 in Shields
  5167 | D:6      | 5167 ||| STAIRDANCE
  5510 | D:6      | Reached skill level 3 in Shields
  5510 | D:6      | Reached XP level 8. HP: 48/48 MP: 8/8
  5623 | D:6      | Noticed Pikel
  5630 | D:6      | HP: 10/48 [lemure[Pikel] (5)]
  5631 | D:6      | 5631 ||| READING scroll of teleportation.
  5631 | D:6      | HP: 1/48 [lemure[Pikel] (5)]
  5632 | D:6      | 5632 ||| DRINKING 2 potions of heal wounds.
  5634 | D:6      | Found a sand-covered staircase.
  5634 | D:6      | Noticed a wraith
  5638 | D:6      | HP: 9/48 [wraith (8)]
  5639 | D:6      | 5639 ||| DRINKING potion of heal wounds.
  5652 | D:6      | HP: 12/48 [wraith (4)]
  5654 | D:6      | HP: 4/48 [wraith (5)]
  5655 | D:6      | Slain by a wraith

Levels and vault maps discovered:
D:1:      dpeg_arrival_shrine, layout_basic, serial_shops, nicolae_diamond_shop,
          hellmonk_ecumenical_altar_blasted
D:2:      layout_basic, basic_altar, minmay_goblin_kobold_house
D:3:      layout_loops_ring, serial_shops, nicolae_lakefront_shop, uniq_ijyb
D:4:      layout_loops_ring, mainiacjoe_overflow_alcove_4, grunt_dithmenos_smoke
D:5:      layout_rooms, gammafunk_temple_overflow_claw,
          gammafunk_temple_overflow_forgotten
D:6:      layout_loops_ring, mainiacjoe_overflow_six_doors_small,
          minmay_temple_entry_statues_pillars, enter_ossuary_1, serial_shops,
          nicolae_shop_behind_doors, chequers_serial_rivers_large_b, uniq_pikel

Skill      XL: |  1  2  3  4  5  6  7 |
---------------+----------------------+-----
Axes           | 2 3 4 5 6 |  6.0
Throwing       | 1 2 |  2.5
Armour         | 1 2 |  2.8
Fighting       | 4 |  4.7
Shields        | 3 |  3.0
Dodging        | |  1.5
Stealth        | |  5.4

Action                   |  1- 3 |  4- 6 |  7- 9 || total
-------------------------+-------+-------+-------++-------
Melee: Hand axe          |    11 |       |       ||    11
       War axe           |    89 |   111 |   114 ||   314
       Punch             |     1 |     1 |       ||     2
Throw: Javelin           |    10 |    24 |    13 ||    47
       Boomerang         |       |     4 |     4 ||     8
  Use: Scroll            |     7 |     5 |     2 ||    14
       Potion            |     2 |       |     2 ||     4
 Stab: Sleeping          |     2 |       |       ||     2
Armor: Leather armour    |    33 |       |       ||    33
       Ring mail         |    20 |    27 |       ||    47
       Scale mail        |       |    23 |    77 ||   100
Dodge: Dodged            |    45 |    51 |    51 ||   147
Block: Buckler           |       |       |    17 ||    17

Table legend:
 A = Non-vault XP
 B = Vault XP
 C = Vault XP percentage of total XP
 D = Non-vault monster count
 E = Vault monster count
 F = Vault count percentage of total count
                 A         B        C        D         E       F
            +---------+---------+-------+---------+---------+-------
      Total |    1232 |      42 |   3.3 |      91 |       5 |   5.2
            +---------+---------+-------+---------+---------+-------
        D:1 |      29 |       0 |   0.0 |      18 |       0 |   0.0
        D:2 |      33 |       4 |  10.8 |      18 |       4 |  18.2
        D:3 |      78 |      38 |  32.8 |      18 |       1 |   5.3
        D:4 |     193 |       0 |   0.0 |      16 |       0 |   0.0
        D:5 |     534 |       0 |   0.0 |      10 |       0 |   0.0
        D:6 |     365 |       0 |   0.0 |      11 |       0 |   0.0
            +---------+---------+-------+---------+---------+-------
